 Dungeon Crawl Stone Soup version 0.28.0-45-g0d030f2227 (webtiles) character file.

Game seed: 15398919004599300887

28 safid the Skirmisher (level 3, -1/33 HPs)
             Began as a Hill Orc Fighter on Apr 6, 2022.
             Slain by Terence
             ... wielding a +2 mace of protection
              (4 damage)
             ... on level 2 of the Dungeon.
             The game lasted 00:00:55 (996 turns).

safid the Skirmisher (Hill Orc Fighter)              Turns: 996, Time: 00:00:55

Health: -1/33      AC:  6    Str: 20    XL:     3   Next: 12%
Magic:  3/3        EV:  9    Int:  8    God:
Gold:   22         SH:  4    Dex: 10    Spells: 2/2 levels left

rFire   . . .      SeeInvis .   a - +0 war axe
rCold   . . .      Faith    .   c - +0 buckler
rNeg    . . .      Spirit   .   b - +0 scale mail
rPois   .          Reflect  .   (no helmet)
rElec   .          Harm     .   (no cloak)
rCorr   .          Rampage  .   (no gloves)
Will    .....                   (no boots)
Stlth   ..........              (no amulet)
HPRegen 0.11/turn               (no ring)
MPRegen 0.08/turn               (no ring)

@: no status effects
A: no striking features
a: no special abilities


You were on level 2 of the Dungeon.
You visited 1 branch of the dungeon, and saw 2 of its levels.

You collected 22 gold pieces.

Inventory:

Hand Weapons
 a - a +0 war axe (weapon)
Armour
 b - a +0 scale mail (worn)
 c - a +0 buckler (worn)
Scrolls
 f - 2 scrolls of identify {unknown}
 g - 2 scrolls of teleportation {unknown}
Potions
 d - a potion of might
 e - a potion of lignification {unknown}
 h - a potion of mutation {unknown}


   Skills:
 - Level 4.0 Fighting
 + Level 3.3 Axes
 + Level 3.6 Armour
 + Level 3.6 Shields


You had 2 spell levels left.
You didn't know any spells.
Your spell library contained the following spells:

 Spells                   Type           Power      Damage    Failure   Level
 Ensorcelled Hibernation  Hex/Ice        0%         N/A       94%         2
 Passwall                 Tmut/Erth      0%         N/A       94%         2
 Swiftness                Air            0%         N/A       99%         3
 Tukima's Dance           Hex            0%         N/A       99%         3
 Passage of Golubria      Tloc           0%         N/A       100%        4
 Yara's Violent Unravell  Hex/Tmut       0%         3d3       100%        5


Dungeon Overview and Level Annotations

Branches:
Dungeon (2/15)

Altars:

Annotations:
D:2 Terence


Message History

The endoplasm hits you but does no damage.
You block Terence's attack.
Unknown command.
You barely miss Terence.
Terence is heavily wounded.
You hit the endoplasm.
You kill the endoplasm!
Terence barely misses you. The rat bites you.
Unknown command.
You hit Terence but do no damage.
Terence is heavily wounded.
You completely miss the rat. Terence closely misses you. The rat misses you.
Terence hits you but does no damage.
Unknown command.
You hit Terence.
Terence is severely wounded.
You hit the rat but do no damage. You closely miss the rat.
The rat barely misses you. You block the rat's attack.
Terence hits you with a +2 mace of protection!
Unknown command.
You hit Terence but do no damage.
Terence is severely wounded.
You hit the rat.
You kill the rat!
You hit the rat but do no damage. The rat closely misses you.
You block Terence's attack. You block the rat's attack.
You block Terence's attack.
You barely miss Terence.
Terence is severely wounded.
You barely miss the rat. The rat bites you but does no damage.
Terence hits you with a +2 mace of protection.
Unknown command.
You hit Terence but do no damage.
Terence is severely wounded.
You slash the rat!
You kill the rat!
Terence hits you with a +2 mace of protection!
* * * LOW HITPOINT WARNING * * *
Terence hits you with a +2 mace of protection.
You die...

.. . . .##
####..
####.#.#.###
#..†.†......
#@#
#..@........
#..#.#?#.#..
#........ #.
#.# #.# #.
.$# #.. #
..# .## ...
#


You could see Terence.

Vanquished Creatures
  2 dart slugs (D:1)
  5 endoplasms
  A giant cockroach (D:1)
  A goblin (D:1)
  A hobgoblin (D:1)
  3 jackals (D:1)
  2 quokkas (D:1)
  A ball python (D:2)
  A frilled lizard (D:1)
  5 rats
22 creatures vanquished.

Notes
Turn   | Place    | Note
-------+----------+-------------------------------------------
     0 | D:1      | safid the Hill Orc Fighter began the quest for the Orb.
     0 | D:1      | Reached XP level 1. HP: 19/19 MP: 1/1
   140 | D:1      | Reached XP level 2. HP: 27/27 MP: 2/2
   628 | D:1      | Reached skill level 4 in Fighting
   642 | D:1      | Reached XP level 3. HP: 31/33 MP: 3/3
   868 | D:1      | Found a faded altar of an unknown god.
   986 | D:2      | Noticed Terence
   996 | D:2      | Slain by Terence

Illustrated notes

Levels and vault maps discovered:
D:1:      minmay_arrival_pointy, layout_rooms,
          dreamdust_ecumenical_altar_hidden_monk_grotto, minivault_27,
          chequers_serial_rivers_room_b, hangedman_decor_push
D:2:      layout_basic, st_stairs_8, minmay_pentomino_v2, uniq_natasha,
          uniq_terence, uniq_jessica

Skill      XL: |  1  2 |
---------------+-------+-----
Axes           | 3 |  3.3
Fighting       | 4 |  4.0
Armour         | |  3.6
Shields        | |  3.6

Action                   || total
-------------------------++-------
Melee: War axe           ||    60
Armor: Scale mail        ||    28
Dodge: Dodged            ||    28
Block: Buckler           ||    22
